 Dungeon Crawl Stone Soup version 0.31-a0-1104-g3bd3108e02 (webtiles) character file.

Game seed: 17889525989193644723

2371 ChronoRanger the Basher (level 9, -4/81 HPs)
             Began as a Minotaur Fighter on Dec 2, 2023.
             Was a Follower of Okawaru.
             Succumbed to their own poison gas
             ... in a bailey.
             The game lasted 00:23:04 (6983 turns).

ChronoRanger the Basher (Minotaur Fighter)          Turns: 6983, Time: 00:23:04

Health: -4/81      AC: 30    Str: 25    XL:     9   Next: 21%
Magic:  8/8        EV:  8    Int:  5    God:    Okawaru [*.....]
Gold:   364        SH: 11    Dex: 10    Spells: 8/8 levels left

rFire   + . .        a - +0 flail
rCold   . . .        c - +1 buckler
rNeg    . . .        e - +18 Lear's hauberk
rPois   .            (helmet currently unavailable)
rElec   .            f - +0 cloak
rCorr   .            (gloves currently unavailable)
SInv    .            (boots currently unavailable)
Will    .....        y - amulet of reflection Stlth
                     u - ring of protection from fire
HPRegen 0.33/turn    (no ring)
MPRegen 0.11/turn

%: reflection
@: lethally poisoned (-4 -> -50), about to teleport
A: horns 2, retaliatory headbutt
a: Renounce Religion, Heroism


You were in a bailey.
You worshipped Okawaru.
Okawaru was aware of your devotion.
You visited 1 branch of the dungeon, and saw 8 of its levels.
You also visited: Bailey.

You collected 364 gold pieces.

Inventory:

Hand Weapons
 a - a +0 flail (weapon)
Missiles
 x - a throwing net
Armour
 b - a +0 pair of boots
 c - a +1 buckler (worn)
 e - the +18 Lear's hauberk (worn)
   (You acquired it on level 1 of the Dungeon)
 f - a +0 cloak (worn)
 i - a +1 hat
 o - a +0 pair of gloves
Jewellery
 u - a ring of protection from fire (left hand)
 y - an amulet of reflection (around neck)
Wands
 j - a wand of flame (33)
 r - a wand of iceblast (5)
Scrolls
 g - a scroll of enchant armour
 n - a scroll of immolation
 p - a scroll of teleportation
 B - a scroll of fog {unknown}
 C - 2 scrolls of butterflies {unknown}
Potions
 h - 2 potions of haste {unknown}
 k - 2 potions of mutation
 m - a potion of cancellation {unknown}
 q - 3 potions of curing {unknown}
 s - a potion of degeneration {unknown}
 t - a potion of berserk rage {unknown}
 v - a potion of resistance {unknown}
 w - 2 potions of lignification
 z - a potion of enlightenment {unknown}
 A - 2 potions of magic {unknown}
 D - a potion of invisibility {unknown}


   Skills:
 + Level 8.1 Fighting
 * Level 10.5 Maces & Flails
 + Level 8.0 Armour
 - Level 5.0 Shields


You had 8 spell levels left.
You didn't know any spells.
Your spell library contained the following spells:

 Spells                   Type           Power      Damage    Failure   Level
 Apportation              Tloc           0%         N/A       95%         1
 Necrotise                Necr           0%         1d4       95%         1
 Sublimation of Blood     Necr           0%         N/A       99%         2
 Frozen Ramparts          Ice            0%         1d1       100%        3
 Gell's Gravitas          Tloc           0%         N/A       100%        3
 Petrify                  Tmut/Erth      0%         N/A       100%        4
 Vhi's Electric Charge    Tloc/Air       0%         N/A       100%        4
 Irradiate                Conj/Tmut      0%         3d11      100%        5
 Summon Small Mammal      Summ           Unusable   N/A       N/A         1
 Simulacrum               Ice/Necr       Unusable   N/A       N/A         6

Dungeon Overview and Level Annotations

Branches:
Dungeon (8/15)             Temple (0/1) D:6          Bailey (1/1)
   Lair: D:8-11

Altars:
Ashenzari
Cheibriados
Elyvilon
Fedhas
Okawaru
Sif Muna
Trog
Uskayaw
Yredelemnul

Shops:
D:7 [

Annotations:
D:6 1 runed translucent door, chuckiee3's ghost, novice MiFi


Innate Abilities, Weirdness & Mutations

You have a pair of horns on your head.
You reflexively headbutt those who attack you in melee.


Message History

The orc warlord hits you with a +6 executioner's axe!
* * * LOW HITPOINT WARNING * * *
You block the orc warrior's attack.
You hit the orc warlord but do no damage.
You headbutt the orc warlord, but do no damage.
The orc warlord is heavily wounded.
You block the orc warlord's attack. You block the orc warrior's attack.
You hit the orc warlord but do no damage.
You headbutt the orc warlord, but do no damage.
The orc warlord is heavily wounded.
You block the orc warlord's attack. The orc warrior barely misses you.
You furiously retaliate!
You headbutt the orc warrior.
You hit the orc warlord but do no damage.
The orc warlord is heavily wounded.
The orc warlord hits you with a +6 executioner's axe!
* * * LOW HITPOINT WARNING * * *
The orc warrior hits you but does no damage.
You feel much better. You block the orc warlord's attack.
The orc warrior hits you but does no damage.
The air fills with toxic fumes!
As you read the scroll of poison, it crumbles to dust.
The orc warlord hits you with a +6 executioner's axe!
* * * LOW HITPOINT WARNING * * *
You block the orc warrior's attack.
You are engulfed in poison gas.
You are poisoned.
* * * LOW HITPOINT WARNING * * *
You feel very sick.
You closely miss the orc warlord.
The orc warlord is heavily wounded.
You are engulfed in poison gas.
You are lethally poisoned!
* * * LOW HITPOINT WARNING * * *
x2 You feel very sick.
You block the orc warlord's attack.
As you read the scroll of teleportation, it crumbles to dust.
You feel strangely unstable.
You are engulfed in poison gas.
You are more poisoned.
* * * LOW HITPOINT WARNING * * *
You die...

##.....##.......##...
##.......##~~~~~##...8
##§§8§§8§§§#~~~)~#.....
#§§§§§§§§§.#~~~(~#)....
#§§§§§§§§§.'.....))...8
#§§§8§§§§..#########...
##§§§§§§#### ~~#~~~##..
##§§§§§#~~#~.....}~#..
##§§@§#~........?~#..
#§§o##~8.8...8.8##..
#§§o'~~.........#...
#§§§§§~....∩....#...
#§§§§§§.........#...
#§§§##§8.8...8.8##..
##§§§§#§§§......?~#..
##§§§§§#o§#§.....:~#..
##......####~~~#~~~##..


You could see an orc warlord and an orc warrior (strong).

Vanquished Creatures
  A water moccasin (D:6)
  5 orc warriors
  A black bear (D:6)
  An ice beast (D:6)
  2 centaurs
  A bullfrog (D:8)
  A kobold brigand (D:8)
  A gnoll sergeant (D:6)
  A scorpion (D:4)
  4 wights (D:8)
  A howler monkey (D:5)
  5 hounds
  An orc priest (D:6)
  3 jellies
  Natasha (thrice) (D:2)
  5 iguanas
  6 orc wizards
  A sleepcap (D:5)
  6 adders
  12 gnolls
  3 white imps
  4 ufetubi
  A worm (D:3)
  A dart slug (D:5)
  24 orcs
  4 bats
  5 endoplasms
  13 goblins
  12 hobgoblins
  2 jackals (D:5)
  5 quokkas
  3 ball pythons
  A frilled lizard (D:1)
  21 kobolds
  A rat (D:3)
161 creatures vanquished.

Notes
Turn   | Place    | Note
-------+----------+-------------------------------------------
     0 | D:1      | ChronoRanger the Minotaur Fighter began the quest for the
                  | Orb.
     0 | D:1      | Reached XP level 1. HP: 19/19 MP: 0/0
   382 | D:1      | Reached XP level 2. HP: 25/27 MP: 1/1
  1100 | D:1      | Reached skill level 3 in Maces & Flails
  1203 | D:1      | Identified a scroll of acquirement
  1203 | D:1      | Acquired the +18 Lear's hauberk
  1203 | D:1      | Found the +18 Lear's hauberk
  1344 | D:2      | Reached XP level 3. HP: 33/33 MP: 2/2
  1372 | D:2      | Noticed Natasha
  1383 | D:2      | Killed Natasha
  1494 | D:2      | Noticed Natasha
  1500 | D:2      | Killed Natasha
  1501 | D:2      | Reached XP level 4. HP: 40/40 MP: 3/3
  1639 | D:2      | Noticed Natasha
  1646 | D:2      | Killed Natasha
  1647 | D:2      | Reached skill level 4 in Maces & Flails
  2542 | D:3      | Found a basalt altar of Yredelemnul.
  2650 | D:3      | Found a faded altar of an unknown god.
  2773 | D:3      | Found a white marble altar of Elyvilon.
  2851 | D:3      | Reached XP level 5. HP: 47/47 MP: 4/4
  2856 | D:3      | Got the Atlas of the Assorted Prophets
  3421 | D:4      | Reached skill level 5 in Maces & Flails
  3500 | D:4      | Reached XP level 6. HP: 55/55 MP: 5/5
  3598 | D:4      | Reached skill level 5 in Fighting
  3624 | D:4      | Found a broken altar of Ashenzari.
  4032 | D:4      | Reached skill level 5 in Shields
  4049 | D:4      | Reached skill level 5 in Armour
  4307 | D:5      | Entered Level 5 of the Dungeon
  4407 | D:5      | Found a snail-covered altar of Cheibriados.
  4421 | D:5      | Found a blossoming altar of Fedhas.
  4441 | D:5      | Reached skill level 6 in Maces & Flails
  4727 | D:5      | Reached XP level 7. HP: 61/61 MP: 6/6
  4927 | D:5      | Found a hide-covered altar of Uskayaw.
  5170 | D:6      | Reached skill level 7 in Maces & Flails
  5384 | D:6      | Reached skill level 8 in Maces & Flails
  5384 | D:6      | Reached XP level 8. HP: 70/71 MP: 7/7
  5398 | D:6      | Found an iron altar of Okawaru.
  5413 | D:6      | Became a worshipper of Warmaster Okawaru
  5428 | D:6      | Found a staircase to the Ecumenical Temple.
  5737 | D:6      | Found a runed translucent door.
  5737 | D:6      | Noticed chuckiee3's ghost (novice MiFi)
  6020 | D:7      | Found Xaotuipna's Armour Emporium.
  6060 | D:7      | Reached skill level 9 in Maces & Flails
  6354 | D:8      | Found a bloodstained altar of Trog.
  6386 | D:8      | Reached * piety under Okawaru
  6529 | D:8      | Reached XP level 9. HP: 76/80 MP: 8/8
  6533 | D:8      | Found a shimmering blue altar of Sif Muna.
  6545 | D:8      | Reached skill level 10 in Maces & Flails
  6565 | D:8      | Found a flagged portal.
  6611 | Bailey   | Entered a bailey
  6687 | Bailey   | Noticed an orc warlord
  6853 | Bailey   | Found a runed translucent gate.
  6856 | Bailey   | Found a runed translucent gate.
  6857 | Bailey   | Found a runed translucent gate.
  6983 | Bailey   | Succumbed to their own poison gas

Illustrated notes

Levels and vault maps discovered:
D:1:      roderic_crop_circles_arrival_small, layout_basic
D:2:      layout_basic, serial_aquarium, aquarium_bridge_square
          [aquarium_subvault_window, aquarium_subvault_bridge,
          aquarium_subvault_bridge, aquarium_subvault_wall],
          aquarium_window_corner, aquarium_window_2, aquarium_window_fake,
          aquarium_view_2b, aquarium_balcony_1b, aquarium_pool_corner,
          uniq_natasha
D:3:      layout_loops_ring, mainiacjoe_overflow_brackets,
          mainiacjoe_overflow_cross_hatched, dilly_ecumenical_altar_fadedgnrine,
          serial_forest, infiniplex_forest_end_2,
          infiniplex_forest_lined_room_2, infiniplex_forest_straight_3,
          infiniplex_forest_end_double, infiniplex_forest_lined_room_2,
          infiniplex_forest_lined_2, infiniplex_forest_straight_4,
          infiniplex_forest_end_1
D:4:      corexii_shack_village, layout_loops_cross, lemuel_crystal_altar
D:5:      layout_basic, kennysheep_slug_shrine, amcnicky_altar_gilded,
          old_standard_altar
D:6:      layout_basic, okawaru_trees_2, minmay_temple_entry_overgrown,
          gammafunk_ghost_grave, minmay_crossroads
D:7:      layout_cave_pools, serial_shops, shop, nicolae_fountain_basement
D:8:      layout_loops_ring, kennysheep_orc_sif_temple, kennysheep_little_box,
          trog_three_pillars_becter, minmay_lair_entry_lava, enter_bailey_2
Bailey:   bailey_axe_bossmonster_kennysheep, bailey

Skill      XL: |  1  2  3  4  5  6  7  8  9 |
---------------+----------------------------+-----
Maces & Flails | 3 4 5 6 8 9 10 | 10.5
Fighting       | 4 5 6 7 8 |  8.1
Armour         | 4 5 6 7 8 |  8.0
Shields        | 4 5 |  5.0

Action                     |  1- 3 |  4- 6 |  7- 9 || total
---------------------------+-------+-------+-------++-------
  Melee: Flail             |    56 |   172 |   322 ||   550
         Headbutt          |     3 |    23 |    54 ||    80
 Invoke: Heroism           |       |       |     1 ||     1
    Use: Scroll            |     4 |     5 |     4 ||    13
         Potion            |     1 |       |     3 ||     4
 Armour: Scale mail        |     6 |       |       ||     6
         Chain mail        |    41 |   120 |   306 ||   467
  Dodge: Dodged            |    22 |    60 |   139 ||   221
  Block: Buckler           |     6 |    34 |   129 ||   169
         Reflection        |       |       |     4 ||     4

Table legend: (Time is in decaauts)
 A = Elapsed time spent in this place.
 B = Non-inter-level travel time spent in this place.
 C = Inter-level travel time spent in this place.
 D = Time resting spent in this place.
 E = Time spent auto-exploring this place.
 F = Levels seen in this place.
 G = Mean time per level.
                   A        B        C        D        E       F      G
               +--------+--------+--------+--------+--------+-----+--------+
         Total |   7059 |   6817 |    242 |    798 |   1966 |   9 |  784.3 |
       Dungeon |   6692 |   6450 |    242 |    752 |   1966 |   8 |  836.5 |
        Bailey |    366 |    366 |      0 |     46 |      0 |   1 |  366.0 |
               +--------+--------+--------+--------+--------+-----+--------+

Top non-repeatable levels by time:
     D:1: 1254 daAuts
     D:2: 1238 daAuts
     D:6: 986 daAuts
     D:3: 966 daAuts
     D:4: 919 daAuts
     D:5: 740 daAuts
     D:8: 458 daAuts
  Bailey: 366 daAuts
     D:7: 128 daAuts
